 Dungeon Crawl Stone Soup version 0.29-a0-617-g7a6b98fccd (webtiles) character file.

Game seed: 14813166161303859982

1367 oldmanjim the Ruffian (level 8, -2/72 (80) HPs)
             Began as an Ogre Transmuter on June 17, 2022.
             Was an Initiate of Sif Muna.
             Slain by a wight
             ... wielding a +4 long sword
              (3 damage)
             ... on level 5 of the Dungeon.
             The game lasted 00:35:18 (7981 turns).

oldmanjim the Ruffian (Ogre Transmuter)             Turns: 7981, Time: 00:35:18

HP:   -2/72 (80)    AC:  2    Str: 15    XL:     8   Next: 65%
MP:   7/14          EV: 19    Int: 16    God:    Sif Muna [......]
Gold: 322           SH:  0    Dex: 20    Spells: 7/15 levels left

rFire   . . .      SeeInvis .     - Unarmed
rCold   . . .      Faith    .   (shield currently unavailable)
rNeg    . . .      Spirit   .   (body armour currently unavailable)
rPois   x          Reflect  .   (helmet currently unavailable)
rElec   .          Harm     .   (cloak currently unavailable)
rCorr   .          Rampage  .   (gloves unavailable)
Will    .....                   (boots unavailable)
Stlth   ++........              (no amulet)
HPRegen 0.22/turn               d - +6 ring of dexterity
MPRegen 0.14/turn               (no ring)

@: spider-form, heavily drained
A: venomous fangs, tiny, unfitting armour, (tough skin 1)
a: End Transformation, Renounce Religion


You were on level 5 of the Dungeon.
You worshipped Sif Muna.
Sif Muna was noncommittal.
You were a venomous arachnid creature.
You visited 2 branches of the dungeon, and saw 7 of its levels.

You collected 322 gold pieces.

Inventory:

Missiles
 c - 7 poisoned darts
 f - 279 stones (quivered)
 s - a curare-tipped dart
 t - 3 atropa-tipped darts
Armour
 a - a +0 robe (melded)
 h - a +1 cloak (melded)
 r - the +1 hat of the Lute (melded) {rCorr}
   (You acquired it on level 6 of the Dungeon)

   rCorr:     It protects you from acid and corrosion.
Magical Staves
 i - a staff of death
 q - a staff of fire
 x - a staff of poison
Jewellery
 d - a +6 ring of dexterity (left front leg)
 k - a ring of ice
Scrolls
 g - 2 scrolls of poison
 m - 2 scrolls of torment
 u - a scroll of identify
 v - a scroll of teleportation {unknown}
Potions
 b - a potion of lignification
 e - 2 potions of might
 j - 4 potions of attraction
 l - a potion of invisibility {unknown}
 n - a potion of curing {unknown}
 o - 2 potions of ambrosia
 p - a potion of heal wounds {unknown}
 z - 2 potions of brilliance


   Skills:
 - Level 5.0 Fighting
 - Level 2.0 Dodging
 + Level 6.1 Unarmed Combat
 - Level 4.0 Spellcasting
 + Level 5.1 Transmutations
 + Level 2.8 Ice Magic
 - Level 2.0 Poison Magic


You had 7 spell levels left.
You knew the following spells:

 Your Spells              Type           Power      Damage    Failure   Level
a - Beastly Appendage     Tmut           38%        N/A       8%          1
b - Spider Form           Tmut/Pois      14%        N/A       28%         3
c - Ice Form              Ice/Tmut       15%        N/A       54%         4

Your spell library contained the following spells:

 Spells                   Type           Power      Damage    Failure   Level
 Wereblood                Tmut           19%        N/A       11%         2


Dungeon Overview and Level Annotations

Branches:
Dungeon (6/15)             Temple (1/1) D:6

Altars:
Ashenzari
Cheibriados
Dithmenos
Elyvilon
Fedhas
Gozag
Hepliaklqana
Kikubaaqudgha
Makhleb
Nemelex Xobeh
Okawaru
Qazlal
Ru
Sif Muna
Trog
Uskayaw
Vehumet
Wu Jian
Xom
Yredelemnul
The Shining One


Innate Abilities, Weirdness & Mutations

You are a venomous arachnid creature.
You have poisonous fangs.
You are tiny and dextrous.
Your spellcasting is less reliable in this form.
Your armour is entirely melded.
You are incapable of wielding weapons or throwing items.
You are too large for most types of armour.
((You have tough skin. (AC +1)))


Message History

The wight is heavily damaged.
The wight hits you with a +4 long sword!
The wight closely misses you.
You hit the wight.
The wight is almost destroyed.
The wight closely misses you. The wight completely misses you.
You barely miss the wight.
The wight is almost destroyed.
The wight closely misses you. The wight completely misses you.
You bite the wight!
You destroy the wight!
Sif Muna accepts your kill.
Your life force feels restored.
You hit the wight.
The wight is lightly damaged.
The wight closely misses you.
You hit the wight but do no damage.
The wight is lightly damaged.
Your transformation has ended.
Your +1 cloak unmelds from your body.
The +1 hat of the Lute {rCorr} unmelds from your body.
Your +0 robe unmelds from your body.
The wight hits you with a +4 long sword!
* * * LOW HITPOINT WARNING * * *
You feel drained.
* * * LOW HITPOINT WARNING * * *
Casting: Spider Form (dangerous; 12% risk of failure)
Confirm with . or Enter, or press ? or * to list all spells.
You turn into a venomous arachnid creature.
Your +1 cloak melds into your body.
The +1 hat of the Lute {rCorr} melds into your body.
Your +0 robe melds into your body.
The wight hits you with a +4 long sword!
* * * LOW HITPOINT WARNING * * *
You feel drained.
* * * LOW HITPOINT WARNING * * *
The wight hits you with a +4 long sword!
* * * LOW HITPOINT WARNING * * *
You feel drained.
You die...

###....).........#
..#..............#
..'.......)......#
..#..............#
..####+#####.....#
...#.......#.....#
...#.......#.....#
..##.......#.....#
####.......'...)s#
†.##.......#...z.#
..##.......#.....#
...........#.....#
####.......#.....#
#.......#.....#
#.......#.....#
#########.....#
#.....#


You could see a wight.

Vanquished Creatures
  A water moccasin (D:5)
  A black bear (D:6)
  An ogre (D:5)
  A centaur (D:6)
  A phantom (D:4)
  A kobold brigand (D:6)
  2 necrophages (D:4)
  2 scorpions
  A wight (D:5)
  3 jellies
  An orc priest (D:4)
  3 hounds
  Jessica (D:3)
  An iguana (D:5)
  An orc wizard (D:4)
  Terence (D:3)
  4 gnolls
  11 adders
  4 ufetubi (D:4)
  2 worms
  A dart slug (D:1)
  15 orcs
  4 ball pythons
  8 endoplasms
  4 giant cockroaches
  10 goblins
  7 hobgoblins
  5 jackals
  11 kobolds
  3 quokkas
  3 bats (D:2)
  A frilled lizard (D:3)
  3 rats
118 creatures vanquished.

Notes
Turn   | Place    | Note
-------+----------+-------------------------------------------
     0 | D:1      | oldmanjim the Ogre Transmuter began the quest for the Orb.
     0 | D:1      | Reached XP level 1. HP: 19/19 MP: 3/3
   392 | D:1      | Reached XP level 2. HP: 28/28 MP: 3/5
  1144 | D:1      | Reached XP level 3. HP: 36/36 MP: 5/7
  1148 | D:1      | Learned a level 3 spell: Spider Form
  1263 | D:2      | Reached skill level 3 in Unarmed Combat
  1405 | D:2      | Found a faded altar of an unknown god.
  1687 | D:2      | Reached XP level 4. HP: 43/45 MP: 6/8
  2199 | D:3      | Noticed Jessica
  2484 | D:3      | Noticed Terence
  2501 | D:3      | Killed Terence
  2669 | D:3      | Reached XP level 5. HP: 44/53 MP: 9/9
  3262 | D:3      | Killed Jessica
  3265 | D:3      | Reached skill level 4 in Unarmed Combat
  3472 | D:4      | Reached skill level 1 in Poison Magic
  3677 | D:4      | Reached XP level 6. HP: 61/61 MP: 7/10
  3885 | D:4      | Learned a level 4 spell: Ice Form
  4258 | D:4      | Reached XP level 7. HP: 54/67 MP: 9/11
  5287 | D:5      | Entered Level 5 of the Dungeon
  5305 | D:4      | Reached skill level 1 in Ice Magic
  5628 | D:5      | Reached skill level 5 in Unarmed Combat
  5699 | D:5      | Reached skill level 5 in Transmutations
  6221 | D:5      | Reached XP level 8. HP: 52/78 MP: 8/13
  6471 | D:5      | Found a burning altar of Makhleb.
  6815 | D:6      | Identified a scroll of acquirement
  6815 | D:6      | Acquired the +1 hat of the Lute {rCorr}
  7154 | D:6      | Reached skill level 5 in Fighting
  7349 | D:6      | Found a staircase to the Ecumenical Temple.
  7356 | Temple   | Entered the Ecumenical Temple
  7684 | Temple   | Became a worshipper of Sif Muna the Loreminder
  7865 | D:6      | Reached skill level 6 in Unarmed Combat
  7981 | D:5      | HP: 1/75 [wight/+4 long sword (10)]
  7981 | D:5      | Slain by a wight

Illustrated notes

Levels and vault maps discovered:
D:1:      dpeg_arrival_renting, layout_loops_ring
D:2:      layout_basic, chequers_ecumenical_altar_twisty
D:3:      layout_basic, uniq_terence, uniq_jessica
D:4:      layout_layer_cave
D:5:      layout_gridville, lemuel_doored_altar, dreamdust_mushroom_princess
D:6:      layout_rooms, zin_statuary, minmay_temple_entry_wispy,
          minmay_crystal_room, st_stairs_13
Temple:   mainiacjoe_temple_cubbyholes

Skill      XL: |  1  2  3  4  5  6  7  8 |
---------------+-------------------------+-----
Fighting       | 2 3 5 |  5.0
Transmutations | 2 3 4 5 |  5.1
Unarmed Combat | 3 4 5 6 |  6.1
Spellcasting   | 3 4 |  4.0
Poison Magic   | 1 2 |  2.0
Dodging        | 2 |  2.0
Ice Magic      | 2 |  2.8

Action                   |  1- 3 |  4- 6 |  7- 9 || total
-------------------------+-------+-------+-------++-------
Melee: Unarmed           |    88 |   156 |   135 ||   379
       Kick              |    22 |    21 |     1 ||    44
       Headbutt          |     9 |    17 |       ||    26
       Punch             |     1 |     2 |       ||     3
Throw: Stone             |    13 |    22 |     7 ||    42
 Cast: Beastly Appendage |    26 |    20 |     1 ||    47
       Spider Form       |       |     8 |    23 ||    31
  Use: Scroll            |       |     3 |     8 ||    11
Armor: Robe              |    33 |    32 |     3 ||    68
       Skin              |       |     5 |    13 ||    18
Dodge: Dodged            |    43 |   113 |   174 ||   330

Table legend: (Time is in decaauts)
 A = Elapsed time spent in this place.
 B = Non-inter-level travel time spent in this place.
 C = Inter-level travel time spent in this place.
 D = Time resting spent in this place.
 E = Time spent auto-exploring this place.
 F = Levels seen in this place.
 G = Mean time per level.
                   A        B        C        D        E       F      G
               +--------+--------+--------+--------+--------+-----+--------+
         Total |   7960 |   7596 |    364 |    874 |   5498 |   7 | 1137.1 |
       Dungeon |   7607 |   7305 |    302 |    874 |   5213 |   6 | 1267.8 |
        Temple |    352 |    290 |     62 |      0 |    285 |   1 |  352.0 |
               +--------+--------+--------+--------+--------+-----+--------+

Top non-repeatable levels by time:
     D:4: 1965 daAuts
     D:3: 1716 daAuts
     D:5: 1591 daAuts
     D:1: 1177 daAuts
     D:2: 604 daAuts
     D:6: 552 daAuts
  Temple: 352 daAuts
